TOP OF THE 1ST |
Bay City Bombers batting - Pitching for Bakersfield Nobles : RHP Raúl Pérez
|
Pitching: RHP Raúl Pérez
|
|
Batting: RHB Jim Unknown
|
0-0: Called Strike 0-1: Ball 1-1: Ball 2-1: Foul Ball, location: 2F 2-2: Ground out 5-3 (Groundball, 5S)
|
Batting: LHB Bastyão Lizardo
|
0-0: Ball 1-0: Ball 2-0: Foul Ball, location: 2F 2-1: Ball 3-1: Foul Ball, location: 2F 3-2: Fly out, F9 (Flyball, 9D)
|
Batting: LHB Mito Rin
|
0-0: Ball 1-0: Ball 2-0: Ground out 1-3 (Groundball, 15)
|
Top of the 1st over - 0 run(s), 0 hit(s), 0 error(s), 0 left on base; Bay City 0 - Bakersfield 0 |
BOTTOM OF THE 1ST |
Bakersfield Nobles batting - Pitching for Bay City Bombers : LHP Terry Dwyer
|
Pitching: LHP Terry Dwyer
|
|
Batting: RHB Miguel Márquez
|
0-0: Foul Ball, location: 2F 0-1: Ball 1-1: Fly out, F8 (Flyball, 8LM)
|
Batting: RHB Jorge Gonzáles
|
0-0: Called Strike 0-1: Ball 1-1: Fly out, F8 (Flyball, 8RXD)
|
Batting: RHB Gil Jenkins
|
0-0: Called Strike 0-1: Ball 1-1: Ball 2-1: Ball 3-1: Swinging Strike 3-2: Base on Balls
|
Batting: RHB Tamasaburo Kato
|
0-0: Fielders Choice at 2nd, U6 (Groundball, 6M)
|
Bottom of the 1st over - 0 run(s), 0 hit(s), 0 error(s), 1 left on base; Bay City 0 - Bakersfield 0 |
TOP OF THE 2ND |
Bay City Bombers batting - Pitching for Bakersfield Nobles : RHP Raúl Pérez
|
Batting: RHB Jim Unknown
|
0-0: Called Strike 0-1: Foul Ball, location: 2F 0-2: Ball 1-2: Ball 2-2: Ball 3-2: Base on Balls
|
Batting: RHB Luis Díaz
|
0-0: Called Strike 0-1: Called Strike Jim Unknown is caught stealing 2nd base 0-2: Ball 1-2: Ground out 1-3 (Groundball, 15)
|
Batting: SHB Jim Unknown
|
0-0: Called Strike 0-1: Ball 1-1: DOUBLE (Groundball, 3L)
|
Batting: LHB Guy Riley
|
0-0: Called Strike 0-1: Fly out, F7 (Flyball, 78S)
|
Top of the 2nd over - 0 run(s), 1 hit(s), 0 error(s), 1 left on base; Bay City 0 - Bakersfield 0 |
BOTTOM OF THE 2ND |
Bakersfield Nobles batting - Pitching for Bay City Bombers : LHP Terry Dwyer
|
Batting: LHB Emery Miller
|
0-0: Ball 1-0: SINGLE (Groundball, 56D)
|
Batting: LHB Bartolo Benítez
|
0-0: Swinging Strike 0-1: Ball 1-1: Called Strike 1-2: Ball 2-2: SINGLE (Line Drive, 89M) Emery Miller to second Runner from 2nd tries for 3rd, SAFE, throw made to third
|
Batting: RHB Juan Alba
|
0-0: Ball 1-0: Ball 2-0: Ball 3-0: Called Strike 3-1: Foul Ball, location: 2F 3-2: Base on Balls Bartolo Benítez to second
|
Batting: RHB Arnie Latham
|
0-0: Foul Ball, location: 2F 0-1: Ball 1-1: Called Strike 1-2: Foul Ball, location: 2F 1-2: SINGLE (Groundball, 13) (infield hit) Emery Miller scores Bartolo Benítez to third Juan Alba to second
|
Pinch Runner at 1st Lawrence Olsen:
|
|
Batting: RHB Ron Gérard
|
0-0: Grounds into fielders choice 1-2 (Groundball, 15) Juan Alba to third Lawrence Olsen to second
|
Batting: RHB Miguel Márquez
|
0-0: Called Strike 0-1: Ball 1-1: Ball 2-1: SINGLE (Popup, 4D) Juan Alba scores Lawrence Olsen to third Ron Gérard to second Runner from 3rd tries for Home, SAFE, throw made home Ron Gérard to third Miguel Márquez to second
|
Batting: RHB Jorge Gonzáles
|
0-0: Ball 1-0: Ball 2-0: Ball 3-0: Called Strike 3-1: Base on Balls
|
Batting: RHB Gil Jenkins
|
0-0: Ball 1-0: Ball 2-0: Ball 3-0: Base on Balls Ron Gérard scores Miguel Márquez to third Jorge Gonzáles to second
|
Batting: RHB Tamasaburo Kato
|
0-0: Called Strike 0-1: Grounds into double play, 6-4-3 (Groundball, 6)
|
Bottom of the 2nd over - 4 run(s), 4 hit(s), 0 error(s), 2 left on base; Bay City 0 - Bakersfield 4 |
TOP OF THE 3RD |
Bay City Bombers batting - Pitching for Bakersfield Nobles : RHP Raúl Pérez
|
Now in LF: Lawrence Olsen
|
|
Batting: RHB Barry Martínez
|
0-0: Swinging Strike 0-1: Foul Ball, location: 2F 0-2: Ball 1-2: Strikes out looking
|
Batting: RHB Aaron Phillips
|
0-0: Ball 1-0: Ground out 6-3 (Groundball, 6)
|
Batting: RHB Jim Unknown
|
0-0: Ball 1-0: Ball 2-0: Ball 3-0: Called Strike 3-1: Base on Balls
|
Batting: LHB Bastyão Lizardo
|
0-0: Ball 1-0: Ball 2-0: SINGLE (Groundball, 34D) Jim Unknown to second Runner from 2nd tries for 3rd, SAFE, throw made to third
|
Batting: LHB Mito Rin
|
0-0: Swinging Strike 0-1: Ball 1-1: Ball 2-1: Called Strike 2-2: Foul Ball, location: 2F 2-2: Foul Ball, location: 2F 2-2: Strikes out swinging
|
Top of the 3rd over - 0 run(s), 1 hit(s), 0 error(s), 2 left on base; Bay City 0 - Bakersfield 4 |
BOTTOM OF THE 3RD |
Bakersfield Nobles batting - Pitching for Bay City Bombers : LHP Terry Dwyer
|
Batting: LHB Emery Miller
|
0-0: SINGLE (Line Drive, 89S)
|
Batting: LHB Bartolo Benítez
|
0-0: Foul Ball, location: 2F 0-1: Ball 1-1: Foul Ball, location: 2F 1-2: Grounds into double play, 1-4-3 (Groundball, 15)
|
Batting: RHB Juan Alba
|
0-0: Fly out, F3 (Popup, 3)
|
Bottom of the 3rd over - 0 run(s), 1 hit(s), 0 error(s), 0 left on base; Bay City 0 - Bakersfield 4 |
TOP OF THE 4TH |
Bay City Bombers batting - Pitching for Bakersfield Nobles : RHP Raúl Pérez
|
Batting: RHB Jim Unknown
|
0-0: Ball 1-0: Called Strike 1-1: Ground out 6-3 (Groundball, 6)
|
Batting: RHB Luis Díaz
|
0-0: Ball 1-0: Foul Ball, location: 2F 1-1: Ball 2-1: DOUBLE (Groundball, 5L)
|
Batting: SHB Jim Unknown
|
0-0: Fly out, F8 (Flyball, 8RXD) Runner from 2nd tags up, SAFE at 3rd, no throw
|
Batting: LHB Guy Riley
|
0-0: Called Strike 0-1: Ball 1-1: Ball 2-1: DOUBLE (Groundball, 5L) Luis Díaz scores
|
Batting: RHB Barry Martínez
|
0-0: Called Strike 0-1: Foul Ball, location: 2F 0-2: Ball 1-2: Strikes out swinging
|
Top of the 4th over - 1 run(s), 2 hit(s), 0 error(s), 1 left on base; Bay City 1 - Bakersfield 4 |
BOTTOM OF THE 4TH |
Bakersfield Nobles batting - Pitching for Bay City Bombers : LHP Terry Dwyer
|
Batting: RHB Lawrence Olsen
|
0-0: Ball 1-0: Foul Ball, location: 2F 1-1: Fly out, F7 (Flyball, 78M)
|
Batting: RHB Ron Gérard
|
0-0: Foul Ball, location: 2F 0-1: Swinging Strike 0-2: Foul Ball, location: 2F 0-2: Ball 1-2: Ball 2-2: Ground out 4-3 (Groundball, 4M)
|
Batting: RHB Miguel Márquez
|
0-0: Ball 1-0: Foul Ball, location: 2F 1-1: Ball 2-1: SINGLE (Line Drive, 8LS)
|
Batting: RHB Jorge Gonzáles
|
0-0: Ball 1-0: Reached on error, E5 (Groundball, 56) Miguel Márquez to second
|
Batting: RHB Gil Jenkins
|
0-0: Called Strike 0-1: Ball 1-1: DOUBLE (Line Drive, 7LS) Miguel Márquez scores Jorge Gonzáles to third
|
Batting: RHB Tamasaburo Kato
|
0-0: Ball 1-0: Ball 2-0: Ball 3-0: Called Strike 3-1: Base on Balls
|
Batting: LHB Emery Miller
|
0-0: Called Strike 0-1: Foul Ball, location: 2F 0-2: Fly out, F8 (Line Drive, 78D)
|
Bottom of the 4th over - 1 run(s), 2 hit(s), 1 error(s), 3 left on base; Bay City 1 - Bakersfield 5 |
TOP OF THE 5TH |
Bay City Bombers batting - Pitching for Bakersfield Nobles : RHP Raúl Pérez
|
Batting: RHB Aaron Phillips
|
0-0: Called Strike 0-1: Called Strike 0-2: Ball 1-2: Foul Ball, location: 2F 1-2: Ball 2-2: Ball 3-2: Foul Ball, location: 2F 3-2: Ground out 5-3 (Groundball, 56)
|
Batting: RHB Jim Unknown
|
0-0: Called Strike 0-1: Ball 1-1: Foul Ball, location: 2F 1-2: Strikes out swinging
|
Batting: LHB Bastyão Lizardo
|
0-0: Ground out 4-3 (Groundball, 4)
|
Top of the 5th over - 0 run(s), 0 hit(s), 0 error(s), 0 left on base; Bay City 1 - Bakersfield 5 |
BOTTOM OF THE 5TH |
Bakersfield Nobles batting - Pitching for Bay City Bombers : LHP Terry Dwyer
|
Batting: LHB Bartolo Benítez
|
0-0: Called Strike 0-1: Ball 1-1: Fly out, F8 (Flyball, 8RS)
|
Batting: RHB Juan Alba
|
0-0: SINGLE (Groundball, 6MD)
|
Pitching: RHP Jeff Krause
|
|
Batting: RHB Lawrence Olsen
|
0-0: Ball 1-0: Called Strike 1-1: Foul Ball, location: 2F 1-2: Ball 2-2: Ball 3-2: Foul Ball, location: 2F 3-2: Base on Balls Juan Alba to second
|
Batting: RHB Ron Gérard
|
0-0: Grounds into double play, 4-6-3 (Groundball, 4)
|
Bottom of the 5th over - 0 run(s), 1 hit(s), 0 error(s), 1 left on base; Bay City 1 - Bakersfield 5 |
TOP OF THE 6TH |
Bay City Bombers batting - Pitching for Bakersfield Nobles : RHP Raúl Pérez
|
Batting: LHB Mito Rin
|
0-0: Ball 1-0: Called Strike 1-1: Ground out 5-3 (Groundball, 56)
|
Batting: RHB Jim Unknown
|
0-0: Called Strike 0-1: Foul Ball, location: 2F 0-2: Ball 1-2: Ground out 6-3 (Groundball, 6S)
|
Batting: RHB Luis Díaz
|
0-0: Called Strike 0-1: Foul Ball, location: 2F 0-2: Ground out 4-3 (Groundball, 4M)
|
Top of the 6th over - 0 run(s), 0 hit(s), 0 error(s), 0 left on base; Bay City 1 - Bakersfield 5 |
BOTTOM OF THE 6TH |
Bakersfield Nobles batting - Pitching for Bay City Bombers : RHP Jeff Krause
|
Batting: RHB Miguel Márquez
|
0-0: Swinging Strike 0-1: Called Strike 0-2: Ball 1-2: Ball 2-2: Foul Ball, location: 2F 2-2: Foul Ball, location: 2F 2-2: Ball 3-2: Strikes out swinging
|
Batting: RHB Jorge Gonzáles
|
0-0: SINGLE (Groundball, 13) (infield hit)
|
Batting: RHB Gil Jenkins
|
0-0: Ball 1-0: Ball 2-0: Ball 3-0: Base on Balls Jorge Gonzáles to second
|
Batting: RHB Tamasaburo Kato
|
0-0: Foul Ball, location: 2F 0-1: Foul Ball, location: 2F 0-2: Strikes out swinging
|
Batting: LHB Emery Miller
|
0-0: Ball 1-0: Called Strike 1-1: Ball 2-1: Foul Ball, location: 2F 2-2: Ball 3-2: Base on Balls Jorge Gonzáles to third Gil Jenkins to second
|
Batting: LHB Bartolo Benítez
|
0-0: Ball Single, Error in OF, E7, batter to second base Jorge Gonzáles scores Gil Jenkins scores Emery Miller to third
|
Batting: RHB Juan Alba
|
0-0: Called Strike 0-1: Ball 1-1: DOUBLE (Groundball, 5D) Emery Miller scores Bartolo Benítez scores
|
Pitching: LHP Gordon Wiggins
|
|
Batting: RHB Lawrence Olsen
|
0-0: Fly out, F9 (Flyball, 89D)
|
Bottom of the 6th over - 4 run(s), 3 hit(s), 1 error(s), 1 left on base; Bay City 1 - Bakersfield 9 |
TOP OF THE 7TH |
Bay City Bombers batting - Pitching for Bakersfield Nobles : RHP Raúl Pérez
|
Batting: SHB Jim Unknown
|
0-0: Ball 1-0: Called Strike 1-1: Ball 2-1: Ball 3-1: Swinging Strike 3-2: Foul Ball, location: 2F 3-2: Ground out 1-3 (Groundball, 25)
|
Batting: LHB Guy Riley
|
0-0: Ball 1-0: Ball 2-0: Called Strike 2-1: Ball 3-1: SINGLE (Groundball, 6D)
|
Batting: RHB Barry Martínez
|
0-0: Foul Ball, location: 2F 0-1: Ball 1-1: Ball 2-1: Foul Ball, location: 2F 2-2: Strikes out swinging
|
Batting: RHB Aaron Phillips
|
0-0: Swinging Strike 0-1: Swinging Strike 0-2: Foul Ball, location: 2F 0-2: Ball 1-2: Ball 2-2: Ball 3-2: Base on Balls Guy Riley to second
|
Pitching: RHP Jeff Sloan
|
|
Batting: RHB Jim Unknown
|
0-0: Called Strike 0-1: Swinging Strike 0-2: Ball 1-2: Foul Ball, location: 2F 1-2: Ball 2-2: Ball 3-2: Base on Balls Guy Riley to third Aaron Phillips to second
|
Batting: LHB Bastyão Lizardo
|
0-0: Fly out, F6 (Popup, 6D)
|
Top of the 7th over - 0 run(s), 1 hit(s), 0 error(s), 3 left on base; Bay City 1 - Bakersfield 9 |
BOTTOM OF THE 7TH |
Bakersfield Nobles batting - Pitching for Bay City Bombers : LHP Gordon Wiggins
|
Batting: RHB Ron Gérard
|
0-0: Fly out, F4 (Popup, 4D)
|
Batting: RHB Miguel Márquez
|
0-0: Ground out 6-3 (Groundball, 6)
|
Batting: RHB Jorge Gonzáles
|
0-0: Called Strike 0-1: SINGLE (Groundball, 4)
|
Batting: RHB Gil Jenkins
|
0-0: Ball 1-0: Foul Ball, location: 2F 1-1: Ground out U3 (Groundball, 3S)
|
Bottom of the 7th over - 0 run(s), 1 hit(s), 0 error(s), 1 left on base; Bay City 1 - Bakersfield 9 |
TOP OF THE 8TH |
Bay City Bombers batting - Pitching for Bakersfield Nobles : RHP Jeff Sloan
|
Batting: LHB Mito Rin
|
0-0: Reached on error, E4 (Groundball, 4M)
|
Batting: RHB Jim Unknown
|
0-0: Foul Ball, location: 2F 0-1: Foul Ball, location: 2F 0-2: Strikes out swinging
|
Batting: RHB Luis Díaz
|
0-0: Ball 1-0: Called Strike 1-1: Foul Ball, location: 2F 1-2: Strikes out looking
|
Batting: SHB Jim Unknown
|
0-0: Ball 1-0: Ball 2-0: Foul Ball, location: 2F 2-1: Foul Ball, location: 2F 2-2: Fly out, F7 (Line Drive, 7M)
|
Top of the 8th over - 0 run(s), 0 hit(s), 1 error(s), 1 left on base; Bay City 1 - Bakersfield 9 |
BOTTOM OF THE 8TH |
Bakersfield Nobles batting - Pitching for Bay City Bombers : LHP Gordon Wiggins
|
Batting: RHB Tamasaburo Kato
|
0-0: Ball 1-0: SOLO HOME RUN (Flyball, 7D), Distance : 377 ft
|
Pinch Hitting: RHB Bill Wilhelm
|
0-0: SINGLE (Flyball, 56D)
|
Batting: LHB Bartolo Benítez
|
0-0: Called Strike 0-1: Hit by Pitch Bill Wilhelm to second
|
Batting: RHB Juan Alba
|
0-0: Ball 1-0: Bunted foul 1-1: Bunted foul 1-2: Foul Ball, location: 2F 1-2: Foul Ball, location: 2F 1-2: SINGLE (Groundball, 13) (infield hit) Bill Wilhelm to third Bartolo Benítez to second
|
Batting: RHB Lawrence Olsen
|
0-0: Fly out, F9 (Flyball, 89S)
|
Batting: RHB Ron Gérard
|
0-0: Ball 1-0: Fly out, F8 (Flyball, 8RM) Runner from 3rd tags up, SCORES, throw made
|
Batting: RHB Miguel Márquez
|
0-0: Called Strike 0-1: Ball 1-1: Ball 2-1: Foul Ball, location: 2F 2-2: SINGLE (Line Drive, 8RS) Bartolo Benítez to third Juan Alba to second
|
Batting: RHB Jorge Gonzáles
|
0-0: GRAND SLAM HOME RUN (Flyball, 7D), Distance : 380 ft
|
Batting: RHB Gil Jenkins
|
0-0: Foul Ball, location: 2F 0-1: Ball 1-1: Called Strike 1-2: Ball 2-2: Strikes out swinging
|
Bottom of the 8th over - 6 run(s), 5 hit(s), 0 error(s), 0 left on base; Bay City 1 - Bakersfield 15 |
TOP OF THE 9TH |
Bay City Bombers batting - Pitching for Bakersfield Nobles : RHP Jeff Sloan
|
Now in RF: Jeff Lee
|
|
Batting: LHB Guy Riley
|
0-0: Ball 1-0: Ball 2-0: Called Strike 2-1: Bunt - Flyout! F1
|
Batting: RHB Barry Martínez
|
0-0: SINGLE (Flyball, 9S)
|
Batting: RHB Aaron Phillips
|
0-0: Grounds into double play, 5-4-3 (Groundball, 5L)
|
Top of the 9th over - 0 run(s), 1 hit(s), 0 error(s), 0 left on base; Bay City 1 - Bakersfield 15 |
|